[Event "Romanian-ch Youth Girls U14 2024"]
[Site "Eforie Nord"]
[Date "2024.04.12"]
[Round "1.1"]
[White "Sida, Flavia-Maria"]
[Black "Aldea, Maria-Antonia"]
[Result "0-1"]
[ECO "A50"]
[WhiteElo "1619"]
[BlackElo "1894"]
[Annotator "NA RC COMBH"]
[PlyCount "32"]
[EventDate "2024.04.10"]
[EventType "swiss"]
[EventCountry "ROU"]
[SourceTitle "playchess.com"]
[Source "ChessBase"]
[SourceQuality "1"]
[TimeControl "5400+30"]

1. d4 Nf6 2. c4 b6 3. Nf3 Bb7 4. g3 c5 5. d5 b5 6. cxb5 Bxd5 7. Nc3 Bb7 8. Bf4 d5 9. Rc1 Nbd7 10. Qb3 d4 11. Na4 Bd5 12. Qc2 e5 13. Bg5 e4 14. Nd2 e3 15. Nf3 Qa5+ 16. Kd1 Ne4 0-1

[Event "Romanian-ch Youth Girls U14 2024"]
[Site "Eforie Nord"]
[Date "2024.04.12"]
[Round "1.2"]
[White "Semenova, Vasylyna"]
[Black "Vajda, Iulia-Alexandra"]
[Result "1-0"]
[ECO "E32"]
[WhiteElo "1827"]
[BlackElo "1612"]
[Annotator "NA RC COMBH"]
[PlyCount "104"]
[EventDate "2024.04.10"]
[EventType "swiss"]
[EventCountry "ROU"]
[SourceTitle "playchess.com"]
[Source "ChessBase"]
[SourceQuality "1"]
[TimeControl "5400+30"]

1. d4 Nf6 2. c4 e6 3. Nc3 Bb4 4. Qc2 b6 5. Bg5 Bb7 6. e3 h6 7. Bh4 g5 8. Bg3 Ne4 9. f3 Bxc3+ 10. bxc3 Nxg3 11. hxg3 Qf6 12. g4 d6 13. Bd3 Nc6 14. Ne2 O-O-O 15. Ng3 Qe7 16. Be4 Kb8 17. Kf2 Na5 18. Bxb7 Nxb7 19. Rhb1 Na5 20. Qa4 Ka8 21. Rb5 c6 22. Rb2 Qc7 23. Rab1 d5 24. cxd5 cxd5 25. Ne2 Nc4 26. Rb5 Qc6 27. Qa6 Qb7 28. Qxb7+ Kxb7 29. R5b4 Kc7 30. Rh1 a5 31. Rbb1 Nd2 32. Rbd1 Nc4 33. Rh5 Rh7 34. Rdh1 Rdh8 35. e4 dxe4 36. fxe4 Nd6 37. e5 Ne8 38. Ke3 f6 39. Ke4 Ng7 40. R5h2 f5+ 41. gxf5 Nxf5 42. d5 Kd7 43. g4 Ng7 44. dxe6+ Nxe6 45. Nd4 Nxd4 46. cxd4 b5 47. Kd5 b4 48. e6+ Ke7 49. Ke5 a4 50. d5 b3 51. axb3 axb3 52. d6+ Ke8 1-0

[Event "Romanian-ch Youth Girls U14 2024"]
[Site "Eforie Nord"]
[Date "2024.04.13"]
[Round "2.1"]
[White "Aldea, Maria-Antonia"]
[Black "Radu, Rebecca-Aimee"]
[Result "1-0"]
[ECO "D02"]
[WhiteElo "1894"]
[BlackElo "1658"]
[Annotator "NA RC COMBH"]
[PlyCount "69"]
[EventDate "2024.04.10"]
[EventType "swiss"]
[EventCountry "ROU"]
[SourceTitle "playchess.com"]
[Source "ChessBase"]
[SourceQuality "1"]
[TimeControl "5400+30"]

1. d4 d5 2. Nf3 Nc6 3. Bf4 Bf5 4. c3 e6 5. Nbd2 h6 6. Ne5 {[%emt 0:03:56] D02: 1 d4 d5 2 Nf3 sidelines, including 2...Nf6 3 g3 and 2...Nf6 3 Bf4.} Nxe5 7. Bxe5 Ne7 8. Qb3 Rb8 9. Bg3 Nc6 10. f3 Bg6 11. e4 Bd6 12. e5 Be7 13. Be2 Bh4 14. Nf1 O-O 15. Bxh4 Qxh4+ 16. g3 Qd8 17. Ne3 a6 18. O-O b5 19. Qd1 Na5 20. b4 Nc4 21. Bxc4 bxc4 22. Rf2 Qd7 23. f4 Be4 24. Qe1 Bd3 25. g4 $17 c6 26. Qd1 Qe7 27. Qf3 Qh4 28. Ng2 Qe7 29. f5 Be4 30. f6 gxf6 31. exf6 Qd6 32. Qh3 Rfc8 33. Qxh6 Qf8 34. Qh4 Qd6 35. Re1 1-0

[Event "Romanian-ch Youth Girls U14 2024"]
[Site "Eforie Nord"]
[Date "2024.04.13"]
[Round "2.2"]
[White "Panici, Karla Marina"]
[Black "Semenova, Vasylyna"]
[Result "1/2-1/2"]
[ECO "B16"]
[WhiteElo "1684"]
[BlackElo "1827"]
[Annotator "NA RC COMBH"]
[PlyCount "115"]
[EventDate "2024.04.10"]
[EventType "swiss"]
[EventCountry "ROU"]
[SourceTitle "playchess.com"]
[Source "ChessBase"]
[SourceQuality "1"]
[TimeControl "5400+30"]

1. e4 c6 2. d4 d5 3. Nc3 dxe4 4. Nxe4 Nf6 5. Nxf6+ gxf6 6. c3 Bf5 7. Bd3 Bg6 8. Nf3 e6 9. O-O Bd6 10. a4 Qc7 11. h3 Nd7 12. Be3 O-O-O 13. b4 Kb8 $14 14. Qe2 Bxd3 15. Qxd3 Bf4 16. Bxf4 Qxf4 17. Qe3 Qf5 18. a5 Rhg8 19. Nd2 Qg5 20. Qxg5 fxg5 21. Nc4 g4 22. hxg4 Rxg4 23. f3 Rg7 24. Kf2 Nf6 25. Ne5 a6 26. Nd3 Nd5 27. Rac1 Rdg8 28. Rg1 h5 29. c4 Ne7 30. Nf4 h4 31. Nh5 Rg6 32. Rcd1 Nf5 33. Nf4 Rg5 34. Ne2 Rxg2+ 35. Rxg2 Rxg2+ 36. Kxg2 Ne3+ 37. Kh3 Nxd1 38. Kxh4 Ne3 39. c5 Kc7 40. Kg5 Kd7 41. Kf6 Ke8 42. Nc3 Nc2 43. Ne4 Nxd4 44. Nd6+ Kd7 45. f4 Nc2 46. Kxf7 Nxb4 47. Nc4 Nd5 48. Ne5+ Kd8 49. Kxe6 Nxf4+ 50. Kd6 Kc8 51. Nxc6 bxc6 52. Kxc6 Ne6 53. Kb6 Nc7 54. Ka7 Kd8 55. Kb7 Kd7 56. c6+ Kd6 57. Kb6 Nd5+ 58. Kxa6 1/2-1/2

[Event "Romanian-ch Youth Girls U14 2024"]
[Site "Eforie Nord"]
[Date "2024.04.13"]
[Round "3.1"]
[White "Ciocirlan, Bianca-Alexandra"]
[Black "Aldea, Maria-Antonia"]
[Result "0-1"]
[ECO "B07"]
[WhiteElo "1740"]
[BlackElo "1894"]
[Annotator "NA RC COMBH"]
[PlyCount "56"]
[EventDate "2024.04.10"]
[EventType "swiss"]
[EventCountry "ROU"]
[SourceTitle "playchess.com"]
[Source "ChessBase"]
[SourceQuality "1"]
[TimeControl "5400+30"]

1. e4 d6 2. d4 Nf6 3. Nc3 c6 4. f3 Nbd7 5. Be3 e5 6. dxe5 dxe5 7. Qd2 Qc7 8. O-O-O Bc5 9. Bc4 Bxe3 10. Qxe3 b5 11. Bb3 a5 12. a4 b4 13. Nce2 Ba6 14. Ng3 g6 15. N1e2 h5 16. h4 Rd8 17. Qg5 Rf8 18. f4 Bxe2 19. f5 Bxd1 20. fxg6 Bg4 21. Rf1 Qd6 22. gxf7+ Rxf7 23. Bxf7+ Kxf7 24. Nxh5 Bxh5 25. Qxh5+ Ke7 26. Qf5 Qe6 27. Qg5 Rg8 28. Qh6 Rxg2 0-1

[Event "Romanian-ch Youth Girls U14 2024"]
[Site "Eforie Nord"]
[Date "2024.04.13"]
[Round "3.2"]
[White "Nitu, Maria Roxana"]
[Black "Semenova, Vasylyna"]
[Result "0-1"]
[ECO "B12"]
[WhiteElo "1631"]
[BlackElo "1827"]
[Annotator "NA RC COMBH"]
[PlyCount "121"]
[EventDate "2024.04.10"]
[EventType "swiss"]
[EventCountry "ROU"]
[SourceTitle "playchess.com"]
[Source "ChessBase"]
[SourceQuality "1"]
[TimeControl "5400+30"]

1. e4 c6 2. d4 d5 3. e5 c5 4. dxc5 Nc6 5. Nf3 Bg4 6. c3 e6 7. Be3 Bxf3 8. Qxf3 Nxe5 9. Bb5+ Nc6 10. Nd2 a6 11. Ba4 Nf6 12. O-O Be7 13. Qg3 O-O 14. Bxc6 bxc6 15. Bh6 Ne8 16. Be3 Qb8 17. Qxb8 Rxb8 18. Rab1 Nf6 19. h3 Nd7 20. Nb3 Rfc8 21. Rfc1 e5 22. f4 f6 23. g4 Ra8 24. h4 a5 25. g5 a4 26. Nd2 Bxc5 27. Bxc5 Nxc5 28. fxe5 fxe5 29. Re1 e4 30. c4 Rab8 31. b3 axb3 32. axb3 Nd3 33. Re3 Rb4 34. Kg2 Rcb8 35. Rf1 Ra8 36. Kg3 Ra2 37. Re2 Rb8 38. h5 e3 39. Rd1 Rxd2 40. Rexd2 exd2 41. Rxd2 Rxb3 42. Kg4 Ne5+ 43. Kf5 Nxc4 44. Re2 Rf3+ 45. Kg4 Re3 46. Ra2 Re8 47. Kf5 Nd6+ 48. Kg4 d4 49. Rc2 Rc8 50. Kf4 c5 51. Ke5 Nf7+ 52. Kf5 c4 53. g6 hxg6+ 54. hxg6 Nd6+ 55. Ke5 d3 56. Rc1 d2 57. Rd1 c3 58. Kxd6 c2 59. Rxd2 c1=Q 60. Rd5 Qf4+ 61. Ke6 0-1

[Event "Romanian-ch Youth Girls U14 2024"]
[Site "Eforie Nord"]
[Date "2024.04.14"]
[Round "4.1"]
[White "Aldea, Maria-Antonia"]
[Black "Panici, Karla Marina"]
[Result "1/2-1/2"]
[ECO "A07"]
[WhiteElo "1894"]
[BlackElo "1684"]
[Annotator "NA RC"]
[PlyCount "45"]
[EventDate "2024.04.10"]
[EventType "swiss"]
[EventCountry "ROU"]
[SourceTitle "playchess.com"]
[Source "ChessBase"]
[SourceQuality "1"]
[TimeControl "5400+30"]

1. Nf3 d5 2. g3 Nf6 3. Bg2 e6 4. O-O Be7 5. d4 b6 6. c4 c6 7. Qc2 Ba6 8. Nbd2 O-O 9. Re1 Nbd7 10. b3 Rc8 11. e4 c5 12. exd5 exd5 13. Bb2 Re8 14. Rac1 h6 15. Qb1 cxd4 16. Bxd4 Bc5 17. Rxe8+ Qxe8 18. Bxc5 Nxc5 19. b4 Ne6 20. b5 Bb7 21. cxd5 Bxd5 22. Re1 Qf8 23. Ne5 1/2-1/2

[Event "Romanian-ch Youth Girls U14 2024"]
[Site "Eforie Nord"]
[Date "2024.04.14"]
[Round "4.2"]
[White "Semenova, Vasylyna"]
[Black "Kiss, Abigel"]
[Result "1-0"]
[ECO "D31"]
[WhiteElo "1827"]
[BlackElo "1622"]
[Annotator "NA RC"]
[PlyCount "107"]
[EventDate "2024.04.10"]
[EventType "swiss"]
[EventCountry "ROU"]
[SourceTitle "playchess.com"]
[Source "ChessBase"]
[SourceQuality "1"]
[TimeControl "5400+30"]

1. d4 d5 2. c4 e6 3. Nc3 c6 4. cxd5 exd5 5. Qc2 Bd6 6. Nf3 h6 7. g3 Nf6 8. Bf4 Bg4 9. Bg2 O-O 10. Bxd6 Qxd6 11. Ne5 Nbd7 12. Nxg4 Nxg4 13. O-O Rfe8 14. a3 Rad8 15. b4 a6 16. Na4 Ngf6 17. Nc5 Nxc5 18. bxc5 Qc7 19. Rfb1 Re7 20. Rb2 Qb8 21. Rab1 Rdd7 22. Rb6 Qa7 23. R1b2 Rc7 24. Qb1 g6 25. e3 Kg7 26. R2b3 h5 27. h4 Qa8 28. Rb2 Qc8 29. Bf3 Qa8 30. a4 Qc8 31. Kg2 Qa8 32. Be2 Qc8 33. Bd3 Kh7 34. R6b3 Kg7 35. Re2 Ne4 36. Bxe4 dxe4 37. Reb2 Qd7 38. Qd1 Qd5 39. Rb4 Rcd7 40. Qb1 Qf5 41. R2b3 Rc7 42. Qb2 Kh6 43. d5 Re5 44. d6 Rd7 45. Rxb7 Re8 46. Rxd7 Qxd7 47. Rb7 Qf5 48. Re7 Rd8 49. Qb7 Qf3+ 50. Kg1 Qd1+ 51. Kh2 Rf8 52. Rxf7 Rxf7 53. Qxf7 Qd2 54. d7 1-0

[Event "Romanian-ch Youth Girls U14 2024"]
[Site "Eforie Nord"]
[Date "2024.04.15"]
[Round "5.1"]
[White "Semenova, Vasylyna"]
[Black "Aldea, Maria-Antonia"]
[Result "1/2-1/2"]
[ECO "A03"]
[WhiteElo "1827"]
[BlackElo "1894"]
[Annotator "NA RC"]
[PlyCount "139"]
[EventDate "2024.04.10"]
[EventType "swiss"]
[EventCountry "ROU"]
[SourceTitle "playchess.com"]
[Source "ChessBase"]
[SourceQuality "1"]
[TimeControl "5400+30"]

1. f4 d5 2. Nf3 g6 3. g3 Bg7 4. Bg2 Nh6 5. d3 d4 6. a4 O-O 7. Na3 c6 8. O-O Be6 9. Qe1 Na6 10. b3 Rb8 11. Bb2 Nf5 12. Bc1 Nc7 13. Bd2 h6 14. Rb1 Nd5 15. Nc4 Nfe3 16. Bxe3 dxe3 17. Nce5 Qb6 18. a5 Qb4 19. Qxb4 Nxb4 20. c3 Nd5 21. Rfc1 c5 22. b4 cxb4 23. cxb4 Rbc8 24. Bf1 Rxc1 25. Rxc1 Rc8 26. Rxc8+ Bxc8 27. b5 Nc3 28. b6 axb6 29. axb6 Nd5 30. Nc4 Bc3 31. Bg2 Be6 32. Nfe5 Bd4 33. Kf1 Kf8 34. Na3 Ke8 35. Nec4 Nxb6 36. Nxb6 Bxb6 37. Bxb7 Bb3 38. Nc4 Bxc4 39. dxc4 Kd7 40. Kg2 Kd6 41. Be4 Bd4 42. Kf3 Kc5 43. Bd3 e6 44. g4 f5 45. h3 Kd6 46. gxf5 exf5 47. h4 h5 48. Bc2 Ke7 49. Ba4 Kf8 50. Kg2 Ke7 51. Kf1 Bf6 52. Kg2 Bxh4 53. c5 Bf6 54. c6 Kd6 55. c7 Kxc7 56. Be8 g5 57. fxg5 Bxg5 58. Bxh5 Kd6 59. Bf3 Ke5 60. Kg3 f4+ 61. Kg4 Bd8 62. Kh5 Ba5 63. Kg5 Be1 64. Kg6 Bg3 65. Kg5 Kd4 66. Kf5 Kc3 67. Ke4 Kd2 68. Kd4 Ke1 69. Ke4 Kf2 70. Kd5 1/2-1/2

[Event "Romanian-ch Youth Girls U14 2024"]
[Site "Eforie Nord"]
[Date "2024.04.15"]
[Round "5.2"]
[White "Panici, Karla Marina"]
[Black "Nitu, Maria Roxana"]
[Result "1-0"]
[ECO "B71"]
[WhiteElo "1684"]
[BlackElo "1631"]
[Annotator "NA RC"]
[PlyCount "133"]
[EventDate "2024.04.10"]
[EventType "swiss"]
[EventCountry "ROU"]
[SourceTitle "playchess.com"]
[Source "ChessBase"]
[SourceQuality "1"]
[TimeControl "5400+30"]

1. e4 c5 2. Nf3 d6 3. d4 cxd4 4. Nxd4 Nf6 5. Nc3 g6 6. f4 Bg7 7. e5 Nh5 8. Bb5+ Bd7 9. e6 fxe6 10. Nxe6 Qc8 11. Nxg7+ Nxg7 12. Be2 O-O 13. O-O Nc6 14. a3 Be6 15. Nd5 Qd7 16. b3 Rf5 17. Ne3 Rf7 18. Ng4 Bxg4 19. Bxg4 Nf5 20. Bb2 h5 21. Bxf5 Qxf5 22. Qd2 Raf8 23. Rad1 e5 24. Qxd6 Qxc2 25. Bxe5 Nxe5 26. fxe5 Rxf1+ 27. Rxf1 Rxf1+ 28. Kxf1 Qf5+ 29. Ke2 Qe4+ 30. Kd1 Qb1+ 31. Kd2 Qb2+ 32. Ke1 Qc1+ 33. Ke2 Qc2+ 34. Ke1 Qc1+ 35. Ke2 Qc2+ 36. Kf1 Qc1+ 37. Kf2 Qf4+ 38. Ke2 Qe4+ 39. Kf2 Qf4+ 40. Ke2 Qe4+ 41. Kf2 Qf4+ 42. Ke2 Qe4+ 43. Kd1 Qb1+ 44. Ke2 Qe4+ 45. Kd2 Qxg2+ 46. Kc3 Qf3+ 47. Kc4 Qe4+ 48. Kc3 Qe3+ 49. Kb4 Qe4+ 50. Kc3 Qe3+ 51. Kc4 Qe4+ 52. Kc5 Qc2+ 53. Kd4 Qd2+ 54. Kc4 Qc2+ 55. Kb4 Qe4+ 56. Ka5 Qe1+ 57. b4 Qe4 58. Qd8+ Kh7 59. Qe7+ Kg8 60. Qe6+ Kh7 61. Qd7+ Kg8 62. e6 Qf5+ 63. b5 a6 64. Qe8+ Kg7 65. e7 Qf7 66. Qd7 b6+ 67. Kxa6 1-0

[Event "Romanian-ch Youth Girls U14 2024"]
[Site "Eforie Nord"]
[Date "2024.04.16"]
[Round "6.1"]
[White "Aldea, Maria-Antonia"]
[Black "Isopescu, Iulia Elena"]
[Result "1/2-1/2"]
[ECO "B15"]
[WhiteElo "1894"]
[BlackElo "1692"]
[Annotator "NA RC"]
[PlyCount "113"]
[EventDate "2024.04.10"]
[EventType "swiss"]
[EventCountry "ROU"]
[SourceTitle "playchess.com"]
[Source "ChessBase"]
[SourceQuality "1"]
[TimeControl "5400+30"]

1. e4 c6 2. d4 d5 3. Nc3 dxe4 4. Nxe4 Nf6 5. Ng3 e5 6. Be3 Be6 7. Nf3 Nbd7 8. h3 Bd6 9. dxe5 Nxe5 10. Nd2 O-O 11. Be2 Nd5 12. Ngf1 Nxe3 13. Nxe3 f5 14. Nec4 Bc7 15. Nxe5 Bxe5 16. c3 Kh8 17. Nf3 Bf6 18. Qxd8 Raxd8 19. O-O Rd7 20. Rfd1 Rfd8 21. Rxd7 Rxd7 22. Kf1 a5 23. Ke1 a4 24. a3 Kg8 25. Rd1 Rxd1+ 26. Bxd1 b5 27. Kd2 f4 28. Bc2 Bd5 29. Ne1 g5 30. Bd1 Kf7 31. Bf3 Ke6 32. Bxd5+ Kxd5 33. Kd3 c5 34. Nc2 Be5 35. Ne1 h6 36. Nf3 Bf6 37. Nd2 c4+ 38. Kc2 Be5 39. Nf3 Bf6 40. Nd2 Be5 41. f3 Bf6 42. Ne4 Be5 43. Kd2 Bg7 44. Ke2 Be5 45. Kf2 Bg7 46. Kg1 Be5 47. Kh2 Bg7 48. Kg1 Bh8 49. Kf2 Be5 50. Ke2 Bg7 51. Kd2 Be5 52. Ke1 Bg7 53. Kf1 Bh8 54. Kg1 Bg7 55. Kh1 Bh8 56. Kh2 Be5 57. Kg1 1/2-1/2

[Event "Romanian-ch Youth Girls U14 2024"]
[Site "Eforie Nord"]
[Date "2024.04.16"]
[Round "6.2"]
[White "Moldovan, Maia-Rut"]
[Black "Semenova, Vasylyna"]
[Result "1-0"]
[ECO "D00"]
[WhiteElo "1725"]
[BlackElo "1827"]
[Annotator "NA RC"]
[PlyCount "89"]
[EventDate "2024.04.10"]
[EventType "swiss"]
[EventCountry "ROU"]
[SourceTitle "playchess.com"]
[Source "ChessBase"]
[SourceQuality "1"]
[TimeControl "5400+30"]

1. d4 d5 2. Nc3 Nf6 3. Bf4 c6 4. e3 Bg4 5. f3 Bh5 6. g4 Bg6 7. h4 h6 8. Bd3 Bxd3 9. Qxd3 e6 10. Nge2 Nbd7 11. O-O-O Qa5 12. Ng3 O-O-O 13. g5 Nh7 14. e4 Bb4 15. Nge2 h5 16. exd5 exd5 17. g6 fxg6 18. Qxg6 Nhf6 19. Qxg7 Rdg8 20. Qf7 Rh7 21. Qe6 Re7 22. Qf5 Rge8 23. a3 Bxc3 24. Nxc3 b5 25. Be5 Re6 26. Rhg1 b4 27. axb4 Qa1+ 28. Kd2 Qxb2 29. Rb1 Qa3 30. Rg6 Rxe5 31. dxe5 Rxe5 32. Qf4 Nb6 33. Rb3 Qa1 34. Rb1 Qa3 35. Rb3 Qa1 36. Rb1 Qa6 37. b5 Qa3 38. Rb4 Nfd7 39. bxc6 Qxb4 40. cxd7+ Kxd7 41. Qxb4 Nc4+ 42. Kd3 Re3+ 43. Kd4 Ne5 44. Qb7+ Ke8 45. Rg8# 1-0

[Event "Romanian-ch Youth Girls U14 2024"]
[Site "Eforie Nord"]
[Date "2024.04.17"]
[Round "7.1"]
[White "Aldea, Maria-Antonia"]
[Black "Kiss, Abigel"]
[Result "1-0"]
[ECO "B70"]
[WhiteElo "1894"]
[BlackElo "1622"]
[Annotator "NA RC COMBH"]
[PlyCount "71"]
[EventDate "2024.04.10"]
[EventType "swiss"]
[EventCountry "ROU"]
[SourceTitle "playchess.com"]
[Source "ChessBase"]
[SourceQuality "1"]
[TimeControl "5400+30"]

1. e4 c5 2. Nf3 Nc6 3. d4 cxd4 4. Nxd4 g6 5. Nc3 d6 6. Be3 Nf6 7. h3 Bg7 8. g3 a6 9. Bg2 O-O 10. O-O Bd7 11. Nde2 Rc8 12. Nd5 Be6 13. Qd2 Bxd5 14. exd5 Ne5 15. b3 b5 16. Nd4 Re8 17. a4 bxa4 18. Rxa4 Ra8 19. Rfa1 Qc8 20. Qe2 Qc7 21. Rxa6 Rxa6 22. Qxa6 Rb8 23. Qa5 Qc8 24. f4 Ned7 25. Nc6 Bf8 26. Nxb8 Qxb8 27. b4 h5 28. c4 Kh7 29. b5 Nc5 30. Bxc5 dxc5 31. Qa8 Qxa8 32. Rxa8 Bg7 33. b6 Nd7 34. b7 Bd4+ 35. Kh1 Bf6 36. Rd8 1-0

[Event "Romanian-ch Youth Girls U14 2024"]
[Site "Eforie Nord"]
[Date "2024.04.17"]
[Round "7.2"]
[White "Ciocirlan, Bianca-Alexandra"]
[Black "Semenova, Vasylyna"]
[Result "0-1"]
[ECO "B16"]
[WhiteElo "1740"]
[BlackElo "1827"]
[Annotator "NA RC COMBH"]
[PlyCount "228"]
[EventDate "2024.04.10"]
[EventType "swiss"]
[EventCountry "ROU"]
[SourceTitle "playchess.com"]
[Source "ChessBase"]
[SourceQuality "1"]
[TimeControl "5400+30"]

1. e4 c6 2. d4 d5 3. Nc3 dxe4 4. Nxe4 Nf6 5. Nxf6+ gxf6 6. c3 Bf5 7. Nf3 e6 8. g3 Bd6 9. Bg2 Nd7 10. O-O Qc7 11. Nh4 Bg6 12. Qe2 O-O-O 13. c4 e5 14. c5 Bf8 15. d5 cxd5 16. b4 d4 17. Nxg6 hxg6 18. Bd2 Nb8 19. Rac1 f5 20. Bg5 Re8 21. Qc4 Bh6 22. Bxh6 Rxh6 23. b5 e4 24. Qxd4 Qe5 25. Qd6 Nd7 26. Rfd1 Qxd6 27. cxd6+ Kb8 28. Rc7 Rd8 29. f3 g5 30. Rc3 Ne5 31. fxe4 fxe4 32. d7 Rxd7 33. Rdc1 Rd8 34. Bxe4 Rhd6 35. R3c2 Rd1+ 36. Rxd1 Rxd1+ 37. Kg2 g4 38. Bf5 b6 39. Re2 f6 40. h4 gxh3+ 41. Bxh3 Kc7 42. Rf2 Rd6 43. Rc2+ Kb7 44. Bc8+ Kb8 45. Bf5 Rd5 46. Rc8+ Kb7 47. Be4 Kxc8 48. Bxd5 Kd7 49. Kf2 Kd6 50. Bb3 Nd7 51. Ke3 Ke5 52. Bg8 f5 53. Bf7 Nf6 54. Kf3 Ne4 55. Bg8 Nd6 56. a4 Ne4 57. Ba2 Nc5 58. Bf7 Nxa4 59. Be8 Nc5 60. Bc6 Ne6 61. Ke3 Ng5 62. Be8 Ne4 63. Kf3 Nf6 64. Bc6 Ng8 65. Ke3 Ne7 66. Bg2 Ng6 67. Bc6 f4+ 68. gxf4+ Nxf4 69. Be8 Ne6 70. Kd3 Nc7 71. Bc6 Nd5 72. Kc4 Ne3+ 73. Kd3 Nf5 74. Kc4 Ne7 75. Be8 Ke4 76. Bc6+ Ke3 77. Kc3 a5 78. Be8 Ke4 79. Bf7 Nd5+ 80. Kc4 Nc7 81. Bg6+ Ke3 82. Bc2 Kd2 83. Ba4 Ke3 84. Bc2 Kf4 85. Bd1 Ke5 86. Be2 Ne8 87. Bf1 Nd6+ 88. Kc3 Kd5 89. Kb3 Kc5 90. Ka4 Ne4 91. Bd3 Nc3+ 92. Kb3 Nxb5 93. Ka4 Na7 94. Bf1 Nc6 95. Bb5 Ne7 96. Be8 Nd5 97. Bd7 Ne3 98. Be8 Nd5 99. Bd7 Kd6 100. Bh3 Kc6 101. Bg2 Kc5 102. Bf1 Nc3+ 103. Kb3 Nd1 104. Ka4 Ne3 105. Ba6 Nc4 106. Bc8 b5+ 107. Kb3 a4+ 108. Ka2 b4 109. Bf5 b3+ 110. Ka1 Kb4 111. Bd3 a3 112. Bh7 a2 113. Bc2 bxc2 114. Kxa2 Kc3 0-1

[Event "Romanian-ch Youth Girls U14 2024"]
[Site "Eforie Nord"]
[Date "2024.04.18"]
[Round "8.1"]
[White "Ionescu, Daria S."]
[Black "Aldea, Maria-Antonia"]
[Result "0-1"]
[ECO "A47"]
[WhiteElo "1592"]
[BlackElo "1894"]
[Annotator "NA RC COMBH"]
[PlyCount "72"]
[EventDate "2024.04.10"]
[EventType "swiss"]
[EventCountry "ROU"]
[SourceTitle "playchess.com"]
[Source "ChessBase"]
[SourceQuality "1"]
[TimeControl "5400+30"]

1. d4 Nf6 2. Nf3 b6 3. Bf4 Bb7 4. e3 d6 5. Nbd2 g6 6. Bd3 c5 7. c3 Bg7 8. Qc2 Nc6 9. h4 Rc8 10. Be2 Qd7 11. Rg1 Nd5 12. Bh2 cxd4 13. exd4 Nxd4 14. Nxd4 Bxd4 15. Qd3 Bg7 16. g4 Nc7 17. g5 Ba6 18. Qf3 Bxe2 19. Qxe2 Qe6 20. Qxe6 Nxe6 21. O-O-O h5 22. Ne4 O-O 23. f4 Nc5 24. Rge1 Nxe4 25. Rxe4 Rfe8 26. Rde1 Bf8 27. Bg1 d5 28. Re5 e6 29. Rf1 Bg7 30. Re2 d4 31. Rd2 dxc3 32. bxc3 Rxc3+ 33. Kb1 Rec8 34. Rd7 R8c4 35. Rd8+ Kh7 36. a3 Rxa3 0-1

[Event "Romanian-ch Youth Girls U14 2024"]
[Site "Eforie Nord"]
[Date "2024.04.18"]
[Round "8.2"]
[White "Semenova, Vasylyna"]
[Black "Isopescu, Iulia Elena"]
[Result "1-0"]
[ECO "D27"]
[WhiteElo "1827"]
[BlackElo "1692"]
[Annotator "NA RC COMBH"]
[PlyCount "87"]
[EventDate "2024.04.10"]
[EventType "swiss"]
[EventCountry "ROU"]
[SourceTitle "playchess.com"]
[Source "ChessBase"]
[SourceQuality "1"]
[TimeControl "5400+30"]

1. Nf3 d5 2. d4 Nf6 3. c4 dxc4 4. e3 e6 5. Bxc4 a6 6. a4 c5 7. O-O Nc6 8. Nc3 Be7 9. Qd3 O-O 10. Rd1 Qc7 11. Qe2 Rd8 12. b3 cxd4 13. exd4 Na5 14. Bb2 Nxc4 15. bxc4 b6 16. Ne5 Bb7 17. Rd3 Rac8 18. Na2 Nd7 19. Nxd7 Rxd7 20. Rc1 Rcd8 21. d5 exd5 22. cxd5 Qf4 23. Rg3 Bf8 24. Rc4 Qh6 25. Rcg4 f5 26. Rg5 Bxd5 27. Be5 Be4 28. h3 g6 29. Nc3 Bd3 30. Qa2+ Rf7 31. Nd5 Rxd5 32. Qxd5 Be4 33. Qe6 Bg7 34. Qc8+ Rf8 35. Qe6+ Rf7 36. Rxg6 hxg6 37. Rxg6 Qh8 38. Rxg7+ Qxg7 39. Bxg7 Kxg7 40. Qxb6 Rf6 41. Qa7+ Kh6 42. a5 Rg6 43. Qe3+ Kh7 44. f3 1-0

[Event "Romanian-ch Youth Girls U14 2024"]
[Site "Eforie Nord"]
[Date "2024.04.19"]
[Round "9.1"]
[White "Aldea, Maria-Antonia"]
[Black "Moldovan, Maia-Rut"]
[Result "1-0"]
[ECO "D02"]
[WhiteElo "1894"]
[BlackElo "1725"]
[Annotator "NA RC COMBH"]
[PlyCount "59"]
[EventDate "2024.04.10"]
[EventType "swiss"]
[EventCountry "ROU"]
[SourceTitle "playchess.com"]
[Source "ChessBase"]
[SourceQuality "1"]
[TimeControl "5400+30"]

1. d4 Nf6 2. Nf3 e6 3. g3 c5 4. Bg2 cxd4 5. Nxd4 d5 6. O-O e5 7. Nb3 Be6 8. Bg5 Nbd7 9. e4 d4 10. N1d2 Be7 11. Bxf6 Nxf6 12. Nc1 Rc8 13. Nd3 Qc7 14. Rc1 $1 O-O (14... Bxa2 $2 {perishes.} 15. c4 $18) 15. a3 a5 16. h3 g6 17. f4 ({White should play} 17. Nf3 $15) 17... Nh5 18. Qe1 Bd6 $15 (18... exf4 $17 19. g4 Ng7) 19. f5 Bd7 20. Bf3 Ng7 21. g4 Qd8 22. Bg2 Bb5 23. Nf3 Qc7 24. Qd2 gxf5 25. gxf5 Qe7 26. Qh6 f6 27. Ng5 Nxf5 28. exf5 fxg5 29. f6 Qf7 30. Bd5 1-0

[Event "Romanian-ch Youth Girls U14 2024"]
[Site "Eforie Nord"]
[Date "2024.04.19"]
[Round "9.2"]
[White "Semenova, Vasylyna"]
[Black "Sida, Flavia-Maria"]
[Result "1-0"]
[ECO "D00"]
[WhiteElo "1827"]
[BlackElo "1619"]
[Annotator "NA RC COMBH"]
[PlyCount "131"]
[EventDate "2024.04.10"]
[EventType "swiss"]
[EventCountry "ROU"]
[SourceTitle "playchess.com"]
[Source "ChessBase"]
[SourceQuality "1"]
[TimeControl "5400+30"]

1. d4 Nf6 2. Bg5 d5 3. Bxf6 gxf6 4. Nf3 c5 5. e3 Nc6 6. c3 e5 7. dxe5 fxe5 8. Bb5 Bg7 9. O-O Be6 10. Qc2 e4 11. Nfd2 Qg5 12. f4 exf3 13. Rxf3 $17 (13. Nxf3 $15 Qxe3+ 14. Rf2) 13... Be5 14. Nf1 Rg8 15. Qf2 f6 16. h3 O-O-O 17. Bxc6 bxc6 18. Nbd2 Rg7 19. Re1 Rdg8 20. Re2 Qh5 21. Kh1 Bg4 22. Nh2 Bxf3 23. Nhxf3 Bg3 24. Qf1 Qf5 25. Nb3 Bd6 26. Rf2 Qd7 27. Na5 c4 28. Nd4 c5 29. Nf5 Rg6 30. Rd2 Be5 31. Nxc4 Rg5 32. e4 d4 33. cxd4 cxd4 34. Na5 Qe6 35. Rc2+ Bc7 36. Qf4 Qd7 37. Qf1 Qe6 38. Qb5 Rxg2 39. Qb7+ Kd8 40. Qxc7+ Ke8 41. Qb8+ Kf7 42. Nh6+ Ke7 43. Qc7+ Ke8 44. Qc8+ Qxc8 45. Rxc8+ Kd7 46. Rxg8 Rxb2 47. Rg3 Rxa2 48. Nc4 Rc2 49. Na3 Re2 50. Rd3 Rxe4 51. Nf5 Kc6 52. Nxd4+ Kc5 53. Ndc2 a5 54. Rd7 h5 55. Rh7 Re5 56. Kg2 Rg5+ 57. Kf3 Kd5 58. Ne3+ Kc5 59. Rc7+ Kb4 60. Nac2+ Kb3 61. Rb7+ Kc3 62. Na3 h4 63. Nb5+ Kb4 64. Nd6+ Ka4 65. Ne4 Rg6 66. Nc3+ 1-0